 Dungeon Crawl Stone Soup version 0.27.1-35-g4d5d836560 (webtiles) character file.

Game seed: 6202996912017324921

10528 inmateoo the Cleaver (level 11, -4/129 HPs)
             Began as a Demonspawn Fighter on July 31, 2022.
             Was a High Priest of Okawaru.
             Killed from afar by a gargoyle (24 damage)
             ... with a stone arrow
             ... on level 9 of the Dungeon.
             The game lasted 00:09:10 (10189 turns).

inmateoo the Cleaver (Demonspawn Fighter)          Turns: 10189, Time: 00:09:11

Health: -4/129     AC: 25    Str: 30    XL:     11   Next: 37%
Magic:  11/11      EV:  2    Int: 10    God:    Okawaru [*****.]
Gold:   158        SH: 14    Dex: 14    Spells: 10/10 levels left

rFire    + . .     SeeInvis .   E - +4 war axe (freeze)
rCold    + . .     Faith    .   a - +2 kite shield
rNeg     + + +     Spirit   .   (armour currently unavailable)
rPois    +         Reflect  .   (helmet currently unavailable)
rElec    +         Harm     .   (cloak currently unavailable)
rCorr    +         Rampage  .   (gloves currently unavailable)
Will     .....     NoTele   +   (boots currently unavailable)
Stlth    +.........             o - amulet of the acrobat
HPRegen  0.31/turn              e - +6 ring of strength
MPRegen  0.12/turn              h - +6 ring of strength

@: tree-form, resistant, slowed, very slow
A: stationary, stasis, torment immunity, boosted hp, (antennae 1), ignite blood
2, (spiny 1), (sturdy frame 1)
a: Renounce Religion, Heroism, Finesse


You were on level 9 of the Dungeon.
You worshipped Okawaru.
Okawaru was extremely pleased with you.
You were a tree.
You visited 1 branch of the dungeon, and saw 9 of its levels.
You also visited: Sewer.

You collected 540 gold pieces.
You spent 382 gold pieces at shops.

Inventory:

Hand Weapons
 A - a +1 war axe of flaming
 E - a +4 war axe of freezing (weapon)
Armour
 a - a +2 kite shield (worn)
 f - the -2 pair of boots "Urissae" (melded) {rCorr Int+3 Dex-4 Slay+5}
   (You acquired it on level 4 of the Dungeon)

   Int:       It affects your intelligence (+3).
   Dex:       It affects your dexterity (-4).
   Slay:      It affects your accuracy & damage with ranged weapons and melee
   (+5).
   rCorr:     It protects you from acid and corrosion.
 m - a +0 chain mail (melded)
 q - a +0 cloak (melded)
Jewellery
 e - a +6 ring of strength (left branch)
 h - a +6 ring of strength (right branch)
 k - a ring of fire
 o - an amulet of the acrobat (around neck)
 s - a ring of ice
Wands
 i - a wand of iceblast (7)
 B - a wand of acid (12)
Scrolls
 g - 4 scrolls of amnesia
 l - 4 scrolls of magic mapping
 y - 2 scrolls of teleportation
 C - 3 scrolls of identify
Potions
 d - 3 potions of might
 j - 3 potions of haste
 n - a potion of berserk rage
 p - a potion of lignification
 r - a potion of brilliance {unknown}
 t - 3 potions of invisibility
 u - 2 potions of cancellation
 w - 2 potions of magic
 x - 3 potions of mutation
 z - 2 potions of resistance
 D - a potion of ambrosia


   Skills:
 + Level 7.9 Fighting
 * Level 9.9 Axes
 + Level 7.3 Armour
 + Level 6.6 Dodging
 + Level 7.3 Shields


You had 10 spell levels left.
You didn't know any spells.
Your spell library contained the following spells:

 Spells                   Type           Power      Damage    Failure   Level
 Animate Skeleton         Necr           0%         N/A       71%         1
 Apportation              Tloc           0%         N/A       71%         1
 Corona                   Hex            0%         N/A       71%         1
 Summon Small Mammal      Summ           0%         N/A       71%         1
 Corpse Rot               Necr/Air       N/A        N/A       83%         2
 Summon Guardian Golem    Hex/Summ       0%         N/A       97%         3
 Dispel Undead            Necr           0%         3d6       100%        4
 Death Channel            Necr           0%         N/A       100%        6
 Orb of Destruction       Conj           0%         N/A       100%        7
 Spellforged Servitor     Conj/Summ      0%         N/A       100%        7


Dungeon Overview and Level Annotations

Branches:
Dungeon (9/15)             Temple (0/1) D:4            Lair (0/6) D:8
  Sewer (visited)
    Orc: D:9-12

Altars:
Okawaru
Qazlal
Sif Muna
Vehumet
The Shining One

Shops:
D:4 [   D:7 *   D:8 [


Innate Abilities, Weirdness & Mutations

You are a tree.
Your roots penetrate the ground, keeping you stationary.
You cannot be teleported.
You are immune to unholy pain and torment.
Your maximum health is greatly increased.
Your equipment is partially melded.
((You have a pair of small antennae on your head.))
Your demonic aura often causes spilled blood to erupt in flames.
((You are partially covered in sharp spines.))
((Your movements are slightly less encumbered by armour. (ER -2)))


Message History

You block the freezing wraith's attack.
You are too injured to fight recklessly!
Your shield and chain mail prevent you from hitting the freezing wraith.
The freezing wraith closely misses you. You block the freezing wraith's attack.
The freezing wraith hits you but does no damage.
You block the freezing wraith's attack.
Okay, then.
You feel protected. The freezing wraith barely misses you.
You block the freezing wraith's attack. x3
As you read the scroll of teleportation, it crumbles to dust.
You feel strangely unstable.
The freezing wraith is struck by your spines.
The freezing wraith misses you. The freezing wraith hits you.
* * * LOW HITPOINT WARNING * * *
The freezing wraith drains your vigour!
You feel as though you will be slow longer.
Your surroundings suddenly seem different.
A gargoyle comes into view. It is wielding a +1 vorpal mace.
Unknown command.
You feel much better.
The gargoyle hits you with a +1 vorpal mace.
You hit the gargoyle but do no damage. The gargoyle is struck by your spines.
The gargoyle hits you with a +1 vorpal mace!
* * * LOW HITPOINT WARNING * * *
x2 The gargoyle barely misses you.
The gargoyle hurls a stone arrow at you.
You block the stone arrow.
You are too injured to fight recklessly!
You hit the gargoyle but do no damage.
The gargoyle is lightly damaged.
You block the gargoyle's attack.
The gargoyle hits you but does no damage.
Really quaff the potion of lignification?
You turn into a tree.
Your +0 cloak melds into your body.
The -2 pair of boots "Urissae" {rCorr Int+3 Dex-4 Slay+5} melds into your body.
Your +0 chain mail melds into your body.
Your roots penetrate the ground.
The gargoyle hurls a stone arrow at you.
The stone arrow hits you!!
You die...

#######
#.....#
#.....#
#.....#
#°°9..#
#..♣..#
#.....#
#........
##....##...
###### .. .


You could see a gargoyle.

Vanquished Creatures
  A boulder beetle (D:9)
  A two-headed ogre (D:9)
  A death yak (D:8)
  Maurice (D:8)
  A gargoyle (D:8)
  A merfolk (D:9)
  Prince Ribbit (D:7)
  A slime creature (D:5)
  11 yaks
  4 wyverns
  A basilisk (D:8)
  Eustachio (D:6)
  A steam dragon (D:8)
  Grum (D:9)
  A warg (shapeshifter) (D:9)
  An acid dragon (D:9)
  2 water moccasins (D:7)
  4 orc warriors
  2 sky beasts (D:7)
  An ice beast (D:6)
  A black bear (D:8)
  3 necrophages
  4 wolves (D:9)
  A centaur (D:7)
  2 ogres
  A phantom (D:5)
  4 kobold brigands
  4 bullfrogs
  5 scorpions
  A gnoll sergeant (D:9)
  A wyvern zombie (D:9)
  9 killer bees
  4 howler monkeys
  3 wights (D:9)
  A crimson imp (D:5)
  4 jellies (D:5)
  4 centaur zombies
  3 hounds
  4 orc priests
  3 iguanas (D:5)
  A bullfrog skeleton (D:6)
  2 centaur skeletons
  6 orc wizards
  A killer bee zombie (D:9)
  A howler monkey skeleton (D:4)
  8 adders
  6 river rats (Sewer)
  A shadow imp (D:6)
  2 white imps
  2 worms
  2 dart slugs
  33 orcs
  11 ball pythons
  13 endoplasms
  7 giant cockroaches
  9 hobgoblins
  33 kobolds
  2 quokkas
  5 bats
  3 frilled lizards
  10 goblins
  23 rats
281 creatures vanquished.

Vanquished Creatures (others)
  8 fungi (D:5)
  4 toadstools (D:5)
12 creatures vanquished.

Grand Total: 293 creatures vanquished

Notes
Turn   | Place    | Note
-------+----------+-------------------------------------------
     0 | D:1      | inmateoo the Demonspawn Fighter began the quest for the
                  | Orb.
     0 | D:1      | Reached XP level 1. HP: 18/18 MP: 1/1
   125 | D:1      | Reached skill level 2 in Axes
   193 | D:1      | Gained mutation: Your demonic aura sometimes causes spilled
                  | blood to erupt in flames. [demonic ancestry]
   193 | D:1      | Reached XP level 2. HP: 24/24 MP: 2/2
   281 | D:1      | You fall into a shaft and drop 1 floor!
   774 | D:2      | Reached XP level 3. HP: 28/29 MP: 3/3
  1255 | D:3      | Found a faded altar of an unknown god.
  1411 | D:3      | Found a radiant altar of Vehumet.
  1425 | D:3      | Reached skill level 1 in Dodging
  1428 | D:3      | Gained mutation: Your demonic aura often causes spilled
                  | blood to erupt in flames. [demonic ancestry]
  1428 | D:3      | Reached XP level 4. HP: 26/35 MP: 4/4
  1645 | D:3      | Reached skill level 3 in Axes
  1675 | D:3      | HP: 2/52 [poisoned by an adder]
  2067 | D:3      | Found an iron altar of Okawaru.
  2107 | D:3      | Became a worshipper of Warmaster Okawaru
  2421 | D:4      | Noticed an ogre
  2427 | D:4      | Killed an ogre
  2428 | D:4      | Reached XP level 5. HP: 42/42 MP: 5/5
  2436 | D:4      | Found Bekeaduwn's Antique Armour Emporium.
  2466 | D:4      | Found a staircase to the Ecumenical Temple.
  2795 | D:4      | Reached * piety under Okawaru
  2796 | D:4      | Gained mutation: You are partially covered in sharp spines.
                  | [demonic ancestry]
  2796 | D:4      | Reached XP level 6. HP: 36/48 MP: 6/6
  3207 | D:4      | Reached skill level 4 in Axes
  3305 | D:5      | Entered Level 5 of the Dungeon
  3380 | D:5      | Found a glowing drain.
  3405 | Sewer    | Entered a sewer
  3582 | Sewer    | Reached XP level 7. HP: 25/54 MP: 7/7
  4170 | D:5      | Reached ** piety under Okawaru
  4265 | D:5      | Reached skill level 5 in Axes
  4681 | D:5      | Gained mutation: You have a pair of small antennae on your
                  | head. [demonic ancestry]
  4681 | D:5      | Reached XP level 8. HP: 38/61 MP: 8/8
  4887 | D:5      | Noticed a slime creature
  4908 | D:5      | Killed a slime creature
  5211 | D:5      | Reached skill level 5 in Fighting
  5658 | D:4      | Bought a dazzling chain mail for 275 gold pieces
  5658 | D:4      | Identified the +2 chain mail of an ossuary {rElec Will-
                  | rCorr Str+8} (You bought it in a shop on level 4 of the
                  | Dungeon)
  5661 | D:4      | Identified a scroll of acquirement
  5661 | D:4      | Acquired the -2 pair of boots "Urissae" {rCorr Int+3 Dex-4
                  | Slay+5}
  5696 | D:6      | Noticed Eustachio
  5710 | D:6      | Killed Eustachio
  5711 | D:6      | Reached skill level 6 in Axes
  5869 | D:6      | Reached skill level 5 in Shields
  5923 | D:6      | Reached skill level 5 in Armour
  5957 | D:6      | Reached *** piety under Okawaru
  6163 | D:6      | Reached XP level 9. HP: 68/68 MP: 9/9
  6188 | D:6      | Reached skill level 7 in Axes
  6614 | D:7      | Reached **** piety under Okawaru
  6633 | D:7      | Found Viseuwn's General Store.
  6637 | D:7      | Found Vopul's Specific Store.
  6641 | D:7      | Bought a +0 war axe of flaming for 107 gold pieces
  7056 | D:7      | Reached skill level 5 in Dodging
  7073 | D:7      | Noticed Prince Ribbit
  7079 | D:7      | Killed Prince Ribbit
  7121 | D:7      | Reached skill level 8 in Axes
  7121 | D:7      | Reached XP level 10. HP: 61/77 MP: 10/10
  8023 | D:8      | Found a staircase to the Lair.
  8023 | D:8      | Noticed a death yak
  8032 | D:8      | Killed a death yak
  8032 | D:8      | Reached ***** piety under Okawaru
  8228 | D:8      | Noticed Maurice
  8240 | D:8      | Killed Maurice
  8470 | D:8      | Found a shimmering blue altar of Sif Muna.
  8566 | D:8      | Found Runov's Antique Armour Emporium.
  8619 | D:8      | Found a stormy altar of Qazlal.
  8781 | D:9      | Noticed Grum
  8783 | D:9      | Noticed a two-headed ogre
  8789 | D:9      | Reached skill level 9 in Axes
  8792 | D:9      | Killed a two-headed ogre
  8792 | D:9      | Identified the +5 flail "Fookubux" {vorpal, +Rage rC- Dex+5
                  | SInv} (Okawaru gifted it to you on level 9 of the Dungeon)
  8792 | D:9      | Received a gift from Okawaru
  9104 | D:9      | Killed Grum
  9314 | D:9      | Noticed a gargoyle
  9441 | D:9      | Gained mutation: Your movements are slightly less
                  | encumbered by armour. (ER -2) [demonic ancestry]
  9441 | D:9      | Reached XP level 11. HP: 82/84 MP: 11/11
  9887 | D:9      | Identified the +5 glaive "Dotrook" {speed, rC++ Will- Dex+2
                  | Stlth+}
  9911 | D:9      | Noticed a boulder beetle
  9923 | D:9      | Killed a boulder beetle
  9923 | D:9      | Received a gift from Okawaru
  9925 | D:9      | Paralysed by an orc warrior for 6 turns
  9935 | D:9      | Paralysed by an orc warrior for 7 turns
  9935 | D:9      | Received a gift from Okawaru
 10189 | D:9      | Killed from afar by a gargoyle

Illustrated notes

Levels and vault maps discovered:
D:1:      grunt_arrival_crossed_arrows, layout_loops_ring, dk_noncrumbling_4
D:2:      layout_basic, basic_altar
D:3:      layout_loops_ring, mainiacjoe_overflow_cross_hatched,
          mainiacjoe_overflow_surrounded_room, chequers_ecumenical_altar_simple
D:4:      layout_rooms, minmay_temple_entry_purple_smoke, serial_shops, shop
D:5:      cheibrodos_fertilizer, layout_basic, portal_sewer_entry_b,
          minmay_fire_ice_demons
D:6:      layout_loops_cross, uniq_eustachio
D:7:      layout_layer_cave, nicolae_specific_store, uniq_prince_ribbit1
D:8:      layout_rooms, lemuel_crystal_altar, lemuel_doored_altar,
          david_lair_generic, serial_shops, kennysheep_mini, uniq_maurice
D:9:      minmay_the_grid_octo_triangle [minmay_the_grid_octo_checkerflower,
          minmay_the_grid_octo_prize_star,
          minmay_the_grid_octo_vomiting_pacman], layout_gridville,
          hangedman_fish_farm, uniq_grum

Skill      XL: |  1  2  3  4  5  6  7  8  9 10 11 |
---------------+----------------------------------+-----
Axes           | 2 3 4 5 6 8 9 |  9.9
Armour         | 3 4 5 6 7 |  7.3
Shields        | 3 4 5 6 7 |  7.3
Dodging        | 1 2 3 4 5 6 |  6.6
Fighting       | 4 5 6 7 |  7.9

Action                   |  1- 3 |  4- 6 |  7- 9 | 10-12 || total
-------------------------+-------+-------+-------+-------++-------
Melee: War axe           |    95 |    41 |    37 |   124 ||   297
       Whip              |       |   111 |   196 |       ||   307
Throw: Throwing net      |       |       |       |     1 ||     1
  Use: Potion            |       |     2 |       |     5 ||     7
       Scroll            |       |       |    17 |     7 ||    24
Armor: Scale mail        |    44 |     4 |       |       ||    48
       Chain mail        |       |    64 |    88 |    41 ||   193
       Skin              |       |     2 |       |       ||     2
Dodge: Dodged            |    22 |    43 |    46 |    59 ||   170
Block: Kite shield       |    51 |    93 |   121 |   103 ||   368
